 Dungeon Crawl Stone Soup version 0.25-a0-730-g633e9c3c14 (webtiles) character file.

Game seed: 4724548977607713199, levelgen mode: deterministic

771 kae the Ruffian (level 7, -3/52 HPs)
             Began as a Purple Draconian Transmuter on Apr 7, 2020.
             Slain by an orc warrior
             ... wielding a +0 glaive
              (18 damage)
             ... on level 6 of the Dungeon.
             The game lasted 00:07:25 (6082 turns).

kae the Ruffian (Purple Draconian Transmuter)       Turns: 6082, Time: 00:07:26

Health: -3/52      AC:  2    Str: 14    XL:     7   Next: 53%
Magic:  15/23      EV: 19    Int: 13    God:
Gold:   235        SH:  0    Dex: 17    Spells: 10/16 levels left

rFire    + . .     SeeInvis .     - Unarmed
rCold    . . .     Gourm    .   (shield currently unavailable)
rNeg     . . .     Faith    .   (armour unavailable)
rPois    x         Spirit   .   (helmet currently unavailable)
rElec    .         Reflect  .   (cloak currently unavailable)
rCorr    .         Harm     .   (gloves currently unavailable)
MR       +....                  (boots currently unavailable)
Stlth    ++........             (no amulet)
HPRegen  0.17/turn              g - ring of magical power
MPRegen  0.18/turn              l - ring of protection from fire

@: spider-form (expiring), very slightly contaminated
A: tiny, (breathe power), unfitting armour, AC +6
a: End Transformation


You were on level 6 of the Dungeon.
You were not hungry.
You were a venomous arachnid creature.
You visited 1 branch of the dungeon, and saw 6 of its levels.

You collected 235 gold pieces.

Inventory:

Hand Weapons
 j - a +1 whip of freezing (melded)
Missiles
 a - 53 arrows
Jewellery
 g - a ring of magical power (left front leg)
 k - a +2 ring of strength
 l - a ring of protection from fire (right front leg)
Scrolls
 b - 2 scrolls of blinking
 h - a scroll of amnesia
 i - a scroll of remove curse
 s - a scroll of fear
Potions
 d - a potion of heal wounds
 e - 2 potions of might
 f - 2 potions of lignification
 m - 3 potions of curing {unknown}
 o - 2 potions of stabbing
 p - a potion of berserk rage
 r - a potion of invisibility
Comestibles
 c - 9 rations


   Skills:
 - Level 1.1 Fighting
 - Level 1.7 Dodging
 * Level 6.7 Unarmed Combat
 + Level 5.1 Spellcasting
 + Level 4.5 Transmutations


You had 10 spell levels left.
You knew the following spells:

 Your Spells              Type           Power        Failure   Level  Hunger
a - Beastly Appendage     Tmut           ###...       10%         1    None
b - Sticks to Snakes      Tmut           ###.....     13%         2    ##.....
c - Spider Form           Tmut/Pois      #.........   43%         3    ###....

Your spell library contained the following spells:

 Spells                   Type           Power        Failure   Level  Hunger
 Ice Form                 Ice/Tmut       #.......     78%         4    ####...
 Blade Hands              Tmut           ###.......   80%         5    ######.


Dungeon Overview and Level Annotations

Branches:
Dungeon (6/15)
 Temple: D:4-7

Altars:
The Shining One

Shops:
D:4 %


Innate Abilities, Weirdness & Mutations

((You can breathe bolts of dispelling energy.))
((Your rich purple scales are hard. (AC +6)))
You cannot fit into any form of body armour.
((You are cold-blooded and may be slowed by cold attacks.))


Message History

The orc wizard gestures wildly while chanting.
The orc wizard seems to speed up.
You see here a +0 dagger.
You hit the orc warrior.
The orc warrior is poisoned.
The orc warrior is lightly wounded.
The orc warrior hits you with a +0 glaive!!
* * * LOW HITPOINT WARNING * * *
You hit the orc warrior.
The orc warrior looks as sick as possible!
The orc warrior is moderately wounded.
Your transformation is almost over.
The orc warrior hits you with a +0 glaive.
* * * LOW HITPOINT WARNING * * *
You hit the orc warrior but do no damage.
The orc warrior is moderately wounded.
The giant cockroach waves its antennae.
You barely miss the orc warrior.
The orc warrior is moderately wounded.
The orc warrior hits you with a +0 glaive!!
You die...

##. #... #..####
...#.###### #..#..
....osos..##
#.#..#.####
...#.####..#
#.#..#<.... # ##.#
#.#..##....
#.#####.###.#...'....
#........##.##.##....
#.........#.#...+....
#.........#.#..##....
#........÷#..<.......
#.#######÷.##.###....


You could see an orc warrior, an orc wizard and a giant cockroach.

Vanquished Creatures
  Purgy (D:3)
  An ogre (D:5)
  A scorpion (D:5)
  A howler monkey (D:4)
  A hound (D:3)
  4 orc wizards
  2 orc priests
  2 worker ants (D:4)
  3 gnolls
  10 adders
  A worm (D:3)
  4 dart slugs
  6 leopard geckos
  10 orcs
  8 bats
  5 giant cockroaches
  14 goblins
  6 hobgoblins
  4 jackals (D:2)
  10 kobolds
  4 quokkas
  5 ball pythons
  6 frilled lizards
  A jackal skeleton (D:5)
  A leopard gecko skeleton (D:5)
  A leopard gecko zombie (D:5)
  9 rats
121 creatures vanquished.

Vanquished Creatures (collateral kills)
  A goblin (D:2)
  A kobold (D:2)
2 creatures vanquished.

Grand Total: 123 creatures vanquished

Notes
Turn   | Place    | Note
-------+----------+-------------------------------------------
     0 | D:1      | kae the Draconian Transmuter began the quest for the Orb.
     0 | D:1      | Reached XP level 1. HP: 16/16 MP: 3/3
   173 | D:1      | Reached XP level 2. HP: 22/23 MP: 3/5
   885 | D:1      | Reached XP level 3. HP: 25/28 MP: 4/6
   889 | D:1      | Learned a level 2 spell: Sticks to Snakes
   893 | D:1      | Learned a level 3 spell: Spider Form
  1690 | D:2      | Reached skill level 4 in Unarmed Combat
  1759 | D:2      | Reached XP level 4. HP: 32/35 MP: 5/7
  2234 | D:2      | Found a glowing golden altar of the Shining One.
  2393 | D:3      | You fall into a shaft and drop 1 floor!
  2462 | D:4      | Found Buabruss's Food Shoppe.
  2539 | D:3      | Reached XP level 5. HP: 28/40 MP: 9/9
  2778 | D:3      | Reached skill level 5 in Unarmed Combat
  3224 | D:3      | Noticed Purgy
  3242 | D:3      | Killed Purgy
  3242 | D:3      | Reached XP level 6. HP: 24/47 MP: 11/11
  4866 | D:4      | Reached skill level 6 in Unarmed Combat
  4866 | D:4      | Your scales start taking on a rich purple colour.
  4866 | D:4      | Reached XP level 7. HP: 52/52 MP: 13/13
  4952 | D:5      | Entered Level 5 of the Dungeon
  5125 | D:5      | Reached skill level 5 in Spellcasting
  6082 | D:6      | Slain by an orc warrior

Levels and vault maps discovered:
D:1:      elethiomel_arrival_maze, layout_rooms, serial_corexii_hall,
          corexii_hall_statues_u, corexii_hall_statues_l, minmay_tetromino_l4
D:2:      layout_basic, nicolae_tso_carved_into_rock
D:3:      layout_loops_ring, kennysheep_generic_room_6, uniq_purgy
D:4:      layout_rooms, serial_shops, shop_statue, dk_rats_in_the_wall
D:5:      layout_loops_ring, first_ration
D:6:      layout_basic, nicolae_ru_the_path_less_chosen

Skill      XL: |  1  2  3  4  5  6  7 |
---------------+----------------------+-----
Unarmed Combat | 4 5 6 |  6.7
Transmutations | 3 4 |  4.5
Spellcasting   | 3 4 5 |  5.1
Fighting       | |  1.1
Dodging        | |  1.7

Action                   |  1- 3 |  4- 6 |  7- 9 || total
-------------------------+-------+-------+-------++-------
Melee: Unarmed           |   131 |   104 |    24 ||   259
       Kick              |     5 |     8 |       ||    13
       Tailslap          |    13 |     9 |     2 ||    24
       Headbutt          |     5 |     2 |     3 ||    10
       Punch             |     1 |     2 |     1 ||     4
       Whip              |       |    90 |    32 ||   122
 Cast: Beastly Appendage |    20 |    14 |     4 ||    38
       Spider Form       |     1 |    20 |     5 ||    26
       Sticks to Snakes  |     1 |       |       ||     1
 Abil: Breathe Dispellin |       |       |     1 ||     1
  Use: Scroll            |     5 |     4 |     5 ||    14
 Stab: Sleeping          |       |     1 |       ||     1
  Eat: Chunk             |     3 |    10 |     5 ||    18
       Ration            |       |     1 |       ||     1
Armor: Skin              |    46 |    38 |     8 ||    92
Dodge: Dodged            |   113 |   177 |    34 ||   324

Table legend:
 A = Non-vault XP
 B = Vault XP
 C = Vault XP percentage of total XP
 D = Non-vault monster count
 E = Vault monster count
 F = Vault count percentage of total count
                 A         B        C        D         E       F
            +---------+---------+-------+---------+---------+-------
      Total |     959 |     143 |  13.0 |     116 |       7 |   5.7
            +---------+---------+-------+---------+---------+-------
        D:1 |      38 |       8 |  17.4 |      19 |       4 |  17.4
        D:2 |      98 |       0 |   0.0 |      34 |       0 |   0.0
        D:3 |     281 |     135 |  32.5 |      36 |       3 |   7.7
        D:4 |     183 |       0 |   0.0 |      12 |       0 |   0.0
        D:5 |     340 |       0 |   0.0 |      12 |       0 |   0.0
        D:6 |      19 |       0 |   0.0 |       3 |       0 |   0.0
            +---------+---------+-------+---------+---------+-------
